 Dungeon Crawl Stone Soup version 0.25.0-46-gbd7b0854d2 (webtiles) character file.

Game seed: 5260940005348170623

296 Curus the Cruncher (level 6, -4/50 HPs)
             Began as a Minotaur Gladiator on July 14, 2020.
             Killed by divine providence
             ... invoked by an orc priest
              (15 damage)
             ... on level 3 of the Dungeon.
             The game lasted 00:14:58 (3090 turns).

Curus the Cruncher (Minotaur Gladiator)             Turns: 3090, Time: 00:15:01

Health: -4/50      AC:  3    Str: 18    XL:     6   Next: 12%
Magic:  5/5        EV: 13    Int:  7    God:
Gold:   114        SH:  0    Dex: 12    Spells: 5/5 levels left

rFire    . . .     SeeInvis .   a - +0 quarterstaff
rCold    . . .     Gourm    .   (shield currently unavailable)
rNeg     . . .     Faith    .   b - +0 leather armour
rPois    .         Spirit   .   (helmet unavailable)
rElec    .         Reflect  .   (no cloak)
rCorr    .         Harm     .   (no gloves)
MR       .....     Rnd*Rage +   (no boots)
Stlth    +.........             (no amulet)
HPRegen  0.16/turn              i - ring of wizardry
MPRegen  0.09/turn              (no ring)

@: berserk cooldown, very slightly contaminated, slowed, very slow
A: retaliatory headbutt, horns 3, berserk 2, blink
a: Blink


You were on level 3 of the Dungeon.
You were not hungry.

You visited 1 branch of the dungeon, and saw 3 of its levels.

You collected 114 gold pieces.

Inventory:

Hand Weapons
 a - a +0 quarterstaff (weapon)
Missiles
 d - 3 throwing nets (quivered)
Armour
 b - a +0 leather armour (worn)
 c - a +0 hat
Jewellery
 i - a ring of wizardry (left hand)
Scrolls
 e - 2 scrolls of teleportation
 g - 2 scrolls of identify
Potions
 h - a potion of degeneration
Comestibles
 f - 2 rations
 j - 5 chunks of flesh


   Skills:
 - Level 2.4 Fighting
 + Level 8.3 Staves
 - Level 2.0 Throwing
 - Level 3.2 Dodging


You had 5 spell levels left.
You didn't know any spells.
Your spell library was empty.

Dungeon Overview and Level Annotations

Branches:
Dungeon (3/15)

Altars:


Innate Abilities, Weirdness & Mutations

You reflexively headbutt those who attack you in melee.
You have a pair of large horns on your head.
You often lose your temper in combat.
You can translocate small distances at will.


Message History

You hear an angry hiss.
The orc priest closely misses you. You furiously retaliate!
You headbutt the orc priest, but do no damage.
The worm bites you! The orc misses you.
You barely miss the orc priest. You headbutt the orc priest.
The orc priest is heavily wounded.
The orc priest invokes the aid of Beogh against you.
Beogh smites you! The orc hits you. The worm bites you.
* * * LOW HITPOINT WARNING * * *
The orc priest barely misses you. You furiously retaliate!
You headbutt the orc priest, but do no damage.
You hear an angry hiss.
You hit the orc priest.
The orc priest is almost dead.
The orc hits you.
* * * LOW HITPOINT WARNING * * *
An adder comes into view.
The orc priest mumbles some strange prayers to Beogh against you.
Beogh smites you!
You die...

#.#......# ...#
#.#......# #..#
#.#......#
#..####.#......### ###
S.....#.#.........
#...#..##.#...........
###...#o. #.###.#.......
......oo###.# #.........
......w@#.†.#####.......
......o......####.......
.............†.....##...
.............####..#####
.#######...........# ##
## #...........# #. #
#..##.......# ##
....##.......# #
###..##.......# #


You could see a worm, an orc priest, an adder and 3 orcs.

Vanquished Creatures
  Sigmund (D:2)
  A crimson imp (D:2)
  Robin (D:2)
  3 gnolls
  An adder (D:2)
  An ooze (D:2)
  4 worms
  A leopard gecko (D:1)
  8 bats
  A giant cockroach (D:1)
  13 goblins
  5 hobgoblins
  2 jackals
  2 quokkas
  A ball python (D:3)
  A jackal zombie (D:3)
  2 kobolds
  3 rats
51 creatures vanquished.

Vanquished Creatures (others)
  4 toadstools (D:1)
4 creatures vanquished.

Grand Total: 55 creatures vanquished

Notes
Turn   | Place    | Note
-------+----------+-------------------------------------------
     0 | D:1      | Curus the Minotaur Gladiator began the quest for the Orb.
     0 | D:1      | Reached XP level 1. HP: 18/18 MP: 0/0
    89 | D:1      | Reached skill level 4 in Staves
   196 | D:1      | Reached XP level 2. HP: 25/25 MP: 1/1
   869 | D:2      | Noticed Sigmund
   943 | D:2      | Reached skill level 5 in Staves
   943 | D:2      | Reached XP level 3. HP: 30/30 MP: 2/2
  2199 | D:2      | Killed Sigmund
  2199 | D:2      | Reached skill level 7 in Staves
  2199 | D:2      | Reached XP level 4. HP: 37/37 MP: 3/3
  2199 | D:2      | Reached XP level 5. HP: 42/42 MP: 4/4
  2352 | D:2      | Noticed Robin
  2389 | D:2      | Killed Robin
  2390 | D:2      | Reached skill level 8 in Staves
  2807 | D:2      | Reached XP level 6. HP: 40/50 MP: 5/5
  3061 | D:3      | Gained mutation: You tend to lose your temper in combat.
                  | [potion of mutation]
  3061 | D:3      | Gained mutation: You can translocate small distances at
                  | will. [potion of mutation]
  3061 | D:3      | Gained mutation: You often lose your temper in combat.
                  | [potion of mutation]
  3061 | D:3      | Gained mutation: You have a pair of large horns on your
                  | head. [potion of mutation]
  3090 | D:3      | Killed from afar by an orc priest

Illustrated notes

Levels and vault maps discovered:
D:1:      ldierk_water_garden, layout_basic
D:2:      layout_loops_cross, first_ration, minmay_tetromino_l2, uniq_robin,
          uniq_sigmund
D:3:      layout_basic, lemuel_doored_altar

Skill      XL: |  1  2  3  4  5 |
---------------+----------------+-----
Staves         | 4 5 7 8 |  8.3
Fighting       | |  2.4
Throwing       | |  2.0
Dodging        | |  3.2

Action                   |  1- 3 |  4- 6 || total
-------------------------+-------+-------++-------
Melee: Quarterstaff      |    57 |    68 ||   125
       Headbutt          |     5 |    14 ||    19
Throw: Throwing net      |     1 |       ||     1
  Use: Scroll            |     4 |     3 ||     7
       Potion            |     1 |     1 ||     2
  Eat: Chunk             |     2 |     1 ||     3
       Ration            |     1 |       ||     1
Armor: Leather armour    |     8 |     6 ||    14
Dodge: Dodged            |    50 |    24 ||    74
